 Dungeon Crawl Stone Soup version 0.29-a0-341-g24ffce5b50 (webtiles) character file.

Game seed: 10377955637747347087

20 Hubjo the Ducker (level 2, 0/18 HPs)
             Began as a Deep Elf Monk on Apr 20, 2022.
             Slain by a quokka (2 damage)
             ... on level 1 of the Dungeon.
             The game lasted 00:03:00 (1196 turns).

Hubjo the Ducker (Deep Elf Monk)                    Turns: 1196, Time: 00:03:01

Health: 0/18       AC:  4    Str:  8    XL:     2   Next: 58%
Magic:  5/5        EV: 13    Int: 12    God:
Gold:   27         SH:  0    Dex: 17    Spells: 3/3 levels left

rFire   . . .      SeeInvis .   h - staff of earth
rCold   . . .      Faith    .   (no shield)
rNeg    . . .      Spirit   .   b - +0 robe
rPois   .          Reflect  .   (no helmet)
rElec   .          Harm     .   (no cloak)
rCorr   .          Rampage  .   (no gloves)
Will    .....                   (no boots)
Stlth   ++........              f - amulet of the acrobat
HPRegen 0.06/turn               (no ring)
MPRegen 0.09/turn               (no ring)

@: no status effects
A: iridescent scales 1, dopey 1
a: no special abilities


You were on level 1 of the Dungeon.
You visited 1 branch of the dungeon, and saw 1 of its levels.

You collected 27 gold pieces.

Inventory:

Hand Weapons
 a - a +0 short sword
Armour
 b - a +0 robe (worn)
Magical Staves
 h - a staff of earth (weapon)
Jewellery
 f - an amulet of the acrobat (around neck)
Scrolls
 d - a scroll of fear {unknown}
 e - a scroll of magic mapping {unknown}
 g - a scroll of identify {unknown}
 k - a scroll of blinking {unknown}
Potions
 c - a potion of cancellation {unknown}
 i - a potion of curing {unknown}
 j - a potion of haste {unknown}


   Skills:
 + Level 2.6 Fighting
 - Level 3.0 Short Blades
 - Level 3.6 Dodging
 * Level 3.3 Stealth
 + Level 1.2 Spellcasting
 + Level 0.6 Earth Magic


You had 3 spell levels left.
You didn't know any spells.
Your spell library contained the following spells:

 Spells                   Type           Power      Damage    Failure   Level
 Conjure Flame            Conj/Fire      0%         6-21      65%         3
 Ignite Poison            Fire/Tmut/Pois 0%         N/A       65%         3
 Leda's Liquefaction      Hex/Erth       1%         N/A       95%         4
 Sticky Flame             Conj/Fire      0%         2d3       96%         4
 Lee's Rapid Deconstruct  Erth           1%         3d5*      99%         5
 Statue Form              Tmut/Erth      1%         N/A       100%        6


Dungeon Overview and Level Annotations

Branches:
Dungeon (1/15)

Altars:

Shops:
D:1 ([


Innate Abilities, Weirdness & Mutations

You are partially covered in iridescent scales. (AC +2)
You are dopey. (Int -2)


Message History

The quokka bites you but does no damage.
You barely miss the quokka.
The quokka bites you but does no damage.
You hit the quokka but do no damage. The quokka bites you.
The quokka bites you but does no damage.
You are too injured to fight recklessly!
You are too injured to fight recklessly!
You are too injured to fight recklessly!
You are too injured to fight recklessly!
You are too injured to fight recklessly!
You are too injured to fight recklessly!
You are too injured to fight recklessly!
You are too injured to fight recklessly!
You are too injured to fight recklessly!
You are too injured to fight recklessly!
You are too injured to fight recklessly!
You are too injured to fight recklessly!
You are too injured to fight recklessly!
A quokka is nearby!
A quokka is nearby!
A quokka is nearby!
You are too injured to fight recklessly!
The quokka barely misses you.
You hit the quokka but do no damage. The quokka misses you.
You hit the quokka.
The quokka is moderately wounded.
The quokka bites you. x2
* * * LOW HITPOINT WARNING * * *
You barely miss the quokka.
The quokka is moderately wounded.
The quokka bites you but does no damage.
You hit the quokka.
The quokka is severely wounded.
The quokka bites you but does no damage.
The quokka bites you.
* * * LOW HITPOINT WARNING * * *
You barely miss the quokka.
The quokka is severely wounded.
The quokka bites you.
You die...

....##+##.#..#..###.##.##........
.....†..>...............>........
##...)†...#.....#########.....###
#........#.##.## #.PPP..##
#........#.#..# # #.P∩P....
#........#....### .# #..PP....
#........###.$..# ..# #........
##........####.#.#...######......
#...............@................
#.......########r#...#######.....
#.......# #.# ..# #####.####
........# #.# .# #.........
#......## #.# # #.###.###.
##...#.. #.# ##..... ##..#.## #.#
#...##. ##.#.# ..# #...... ####.
#...##.


You could see a quokka.

Vanquished Creatures
  5 bats (D:1)
  A giant cockroach (D:1)
  4 goblins (D:1)
  2 hobgoblins (D:1)
  A quokka (D:1)
  A frilled lizard (D:1)
  2 kobolds (D:1)
  2 rats (D:1)
18 creatures vanquished.

Notes
Turn   | Place    | Note
-------+----------+-------------------------------------------
     0 | D:1      | Hubjo the Deep Elf Monk began the quest for the Orb.
     0 | D:1      | Reached XP level 1. HP: 13/13 MP: 3/3
   577 | D:1      | Found Vynuf's Antique Armour Emporium.
   698 | D:1      | Reached XP level 2. HP: 15/18 MP: 5/5
   760 | D:1      | Found Diklur's Antique Weapon Shop.
   798 | D:1      | Gained mutation: You are dopey. (Int -2) [potion of
                  | mutation]
   798 | D:1      | Gained mutation: You are partially covered in iridescent
                  | scales. (AC +2) [potion of mutation]
   798 | D:1      | Gained mutation: You are very dopey. (Int -4) [potion of
                  | mutation]
   798 | D:1      | Lost mutation: You are very dopey. (Int -4) [potion of
                  | mutation]
   810 | D:1      | Reached skill level 1 in Spellcasting
  1196 | D:1      | Slain by a quokka

Illustrated notes

Levels and vault maps discovered:
D:1:      dpeg_arrival_more_subterranean_lakeside_camping, layout_basic,
          serial_shops, shop_statue, nicolae_shop_stone, shop,
          nicolae_shop_overgrown_old_shop, hellmonk_ecumenical_altar_crossroads

Skill      XL: |  1  2 |
---------------+-------+-----
Stealth        | 3 |  3.3
Spellcasting   | 1 |  1.2
Fighting       | |  2.6
Short Blades   | |  3.0
Dodging        | |  3.6
Earth Magic    | |  0.6

Action                   || total
-------------------------++-------
Melee: Staff             ||   108
       Short sword       ||    10
       Punch             ||     1
  Use: Potion            ||     2
 Stab: Sleeping          ||    10
Armor: Robe              ||    54
Dodge: Dodged            ||   189

Table legend: (Time is in decaauts)
 A = Elapsed time spent in this place.
 B = Non-inter-level travel time spent in this place.
 C = Inter-level travel time spent in this place.
 D = Time resting spent in this place.
 E = Time spent auto-exploring this place.
 F = Levels seen in this place.
 G = Mean time per level.
                   A        B        C        D        E       F      G
               +--------+--------+--------+--------+--------+-----+--------+
         Total |   1217 |   1217 |      0 |      0 |    918 |   1 | 1217.0 |
       Dungeon |   1217 |   1217 |      0 |      0 |    918 |   1 | 1217.0 |
               +--------+--------+--------+--------+--------+-----+--------+

Top non-repeatable levels by time:
     D:1: 1217 daAuts
